AoeStats
← Sorrisinho de Classe

Arabia

507829011Analyzed
1v1 RM · 13d ago on Sep 19, 2026· 32m 1s· 2 players
Game mode
Random Map
Map size
Tiny (2 player)
Population
200
Speed
Normal
Resources
Standard
Victory
Conquest
Starting age
Dark Age
Ending age
Imperial Age
RankedLock teamsTeams togetherTeam positionsShared explorationLock speedFull tech treeHidden civsTurbo modeCheats
Victory
Defeat
🇦🇷 Slavs · Argentina
875
+15
🇧🇷 Vietnamese · Brazil
852
-15
Sorrisinho de Classe
7:54 Loom
10:13 Feudal Age
20:10 Castle Age
18:59 Double-Bit Axe
21:35 Stone Mining
21:39 Gold Mining
21:58 Horse Collar
22:29 Heavy Plow
22:44 Forging
25:07 Fletching
fedebe
5:14 Loom
10:38 Feudal Age
12:04 Double-Bit Axe
12:02 Horse Collar
22:17 Castle Age
23:28 Castle Age
21:43 Forging
21:39 Scale Barding Armor
21:50 Gold Mining
22:21 Bloodlines
26:13 Iron Casting
28:40 Chain Barding Armor
Connection lost

Rejoining the realm…

Still unreachable

The connection could not be restored.

Session expired

The server has moved on; the page needs a fresh start.